[Event "3rd VIZAG GM-Open 2022"]
[Site "Visakapatnam"]
[Date "2022.06.13"]
[Round "4.5"]
[White "Nguyen, Van Huy"]
[Black "Aditya Varun Gampa"]
[Result "1/2-1/2"]
[ECO "E03"]
[WhiteElo "2405"]
[BlackElo "1836"]
[Annotator "TA"]
[PlyCount "66"]
[EventDate "2022.06.13"]
[EventType "swiss"]
[EventCountry "IND"]
[SourceTitle "playchess.com"]
[Source "ChessBase"]
[SourceQuality "1"]
[TimeControl "5400+30"]

1. d4 Nf6 2. Nf3 d5 3. c4 e6 4. g3 dxc4 5. Qa4+ Nbd7 6. Qxc4 a6 7. Bg2 b5 8. Qc6 Rb8 9. Bf4 Nd5 10. Bg5 Be7 11. Bxe7 Qxe7 12. Nc3 {[%emt 0:06:52] E03: Open Catalan: 5 Qa4+ Nbd7 6 Qxc4.} Bb7 {[%emt 0:05:59] [#]} 13. Nxd5 $1 Bxc6 14. Nxe7 Kxe7 15. Rc1 Bd5 16. Rxc7 {[%emt 0:06:00][%cal Of3e5] Strongly threatening Ne5!} Rhc8 {[%emt 0:03:26] [#]} 17. Rxc8 $146 ({Predecessor:} 17. Ra7 Ra8 18. Rxa8 Bxa8 19. Kd2 Nf6 20. Rb1 Ng4 21. Ke1 Be4 22. Rd1 Rc2 23. h3 Nf6 24. Rd2 Rc1+ 25. Rd1 Rc2 {½-½ (25) Ivanchuk,V (2717)-Leko,P (2713) Monte Carlo 2002}) 17... Rxc8 18. Kd2 {[%emt 0:00:19] Prevents Rc2+.} Nf6 19. Ne1 Bxa2 (19... Rc4 $5 ) 20. Nd3 {[%emt 1:03:27] Hoping for Ra1.} Bd5 21. Bxd5 Nxd5 $14 {[%emt 0:01:04][%mdl 4096] Endgame KRN-KRN} 22. Ra1 Ra8 23. Rc1 Kd6 {[%emt 0:03:40] [#]} (23... Kd8 $14) 24. e4 ({Better is} 24. Ne5 $1 $16 ) 24... Ne7 25. f4 Nc6 26. Ke3 a5 27. f5 Nb4 28. Rc5 {[%emt 0:00:00] And now Nxb4 would win.} (28. Ne5 $5 Rf8 29. fxe6 fxe6 30. Rc5 $16) 28... Nxd3 29. Kxd3 Rb8 30. Kc3 exf5 31. Rxf5 f6 32. Rc5 Rb7 33. Kb3 Rb8 {[%emt 0:02:46] Weighted Error Value: White=0.08 (flawless) /Black=0.08 (flawless)} 1/2-1/2

[Event "3rd VIZAG GM-Open 2022"]
[Site "Visakapatnam"]
[Date "2022.06.13"]
[Round "4.6"]
[White "Saravana, Krishnan P."]
[Black "Paichadze, Luka"]
[Result "1/2-1/2"]
[ECO "B18"]
[WhiteElo "2269"]
[BlackElo "2567"]
[Annotator "TA"]
[PlyCount "141"]
[EventDate "2022.06.13"]
[EventType "swiss"]
[EventCountry "IND"]
[SourceTitle "playchess.com"]
[Source "ChessBase"]
[SourceQuality "1"]
[TimeControl "5400+30"]

1. e4 c6 2. d4 d5 3. Nc3 dxe4 4. Nxe4 Bf5 5. Nc5 e5 6. Nxb7 {[%emt 0:00:18] B18: Classical Caro-Kann: 4...Bf5 sidelines.} Qb6 7. Nc5 Bxc5 8. dxc5 Qxc5 9. c3 Nf6 10. Be3 Qe7 11. Nf3 Nd5 12. Qc1 Nd7 13. Be2 O-O 14. O-O {[%emt 0:00:38] [#]} N7b6 $146 ({Predecessor:} 14... Nxe3 15. Qxe3 Rfe8 16. Rad1 Nb6 17. b3 Nd5 18. Qc1 Nf4 19. Bc4 Be6 20. Bxe6 Ne2+ {0-1 (20) Sumaneev,D (2450)-Maly,A (2370) Chess.com INT 2021}) 15. Re1 f6 16. Bd2 a5 17. Nh4 Be6 18. c4 Nc7 19. Qc2 f5 (19... Rfd8 $14) 20. Nf3 $16 Nd7 21. Bc3 e4 22. Ne5 ({Better is} 22. Nd4 $1 $16 ) 22... Nxe5 $14 23. Bxe5 Bf7 24. Qc3 Ne6 25. c5 Rfe8 26. Red1 f4 27. Bd6 {[%emt 0:06:06] This bishop pair is nice.} Qg5 28. f3 Bh5 29. Kh1 Qg6 (29... Qh4 $11) 30. Rg1 Ng5 31. Bxf4 {[%emt 0:17:51] White is more active.} exf3 {[%emt 0:00:30] [#]} 32. Bc4+ ({White should play} 32. gxf3 $1 $14 h6 (32... Rxe2 33. Rxg5) 33. Bc4+ Kh7 34. Rg3) 32... Kh8 $11 {[%emt 0:03:21] Strongly threatening ...Ne4.} 33. Bxg5 Qxg5 ({Don't do} 33... f2 34. Rgf1 $1 Qxg5 35. Rxf2 $14) 34. gxf3 Qh6 35. Rae1 {[%emt 0:01:25] Inhibits Re3.} Rf8 36. Rg3 {[%emt 0:00:39] White wants to play Rh3.} Rae8 37. Rxe8 ({Much weaker is} 37. Qxa5 Qf4 38. Bf1 Bxf3+ 39. Bg2 {[#]} Qa4 $1 $11) 37... Rxe8 38. Bf1 Bf7 39. Qxa5 Qc1 {[%emt 0:01:53] [#]} 40. Qc3 $1 Qxc3 (40... Qxf1+ $2 41. Rg1 Qxg1+ 42. Kxg1 $18) 41. bxc3 Bxa2 {[%emt 0:00:14][%mdl 4096] Endgame KRB-KRB} 42. f4 Re4 {[%emt 0:04:14] The position is equal.} 43. Rd3 {[%emt 0:01:43] Black must now prevent Rd8+.} Bd5 44. c4 Bg8 45. Rd8 g6 46. Rc8 Rxf4 47. Kg1 Kg7 48. Rxc6 Bxc4 49. Rc7+ Rf7 50. Rxf7+ Bxf7 {[%emt 0:00:01] KB-KB} 51. c6 Be6 52. Ba6 Kf6 53. c7 Ke7 54. Kf2 Kd6 55. c8=Q Bxc8 56. Bxc8 {[%emt 0:00:07] KB-KPP} Ke5 57. Kg3 Kf6 58. Kf4 h6 59. Ba6 Kg7 60. Ke5 g5 61. Kf5 {[%emt 0:00:19] Threatens to win with Kg4.} h5 $1 62. Be2 Kh6 $1 63. Bd1 g4 $1 64. Be2 h4 $1 65. Bf1 g3 66. h3 g2 67. Bxg2 Kg7 68. Kg5 Kh8 69. Kh6 $1 Kg8 70. Be4 Kh8 71. Bf5 {[%emt 0:00:33] Weighted Error Value: White=0.07 (flawless) /Black=0.06 (flawless)} 1/2-1/2

[Event "3rd VIZAG GM-Open 2022"]
[Site "Visakapatnam"]
[Date "2022.06.13"]
[Round "4.7"]
[White "Harsha Bharathakoti"]
[Black "Kaustuv, Kundu"]
[Result "1/2-1/2"]
[ECO "D37"]
[WhiteElo "2547"]
[BlackElo "2327"]
[Annotator "TA"]
[PlyCount "95"]
[EventDate "2022.06.13"]
[EventType "swiss"]
[EventCountry "IND"]
[SourceTitle "playchess.com"]
[Source "ChessBase"]
[SourceQuality "1"]
[TimeControl "5400+30"]

1. d4 d5 2. c4 e6 3. Nc3 a6 4. cxd5 exd5 5. Nf3 Nf6 6. Bg5 {[%emt 0:00:00] D37: Queen's Gambit Declined: 5 Bf4.} Be6 7. e3 Nbd7 8. Bd3 {[%emt 0:00:00] White has an edge.} Bd6 9. O-O c6 $1 {[%emt 0:00:22] 9...c6 is better than 9...0-0.} 10. Bf4 Qc7 11. Bxd6 Qxd6 12. h3 O-O 13. Qc2 g6 14. Rfe1 Qe7 15. Rac1 Rfe8 {[%emt 0:06:52] [#]} 16. a3 $146 ({Predecessor:} 16. Na4 Rad8 17. b4 Ne4 18. Nc5 Nd6 19. Nd2 Nf6 20. a4 Bf5 21. Bxf5 Nxf5 22. a5 {1-0 (55) Obregon,C (2525)-Sjugirov,S (2663) Chess.com INT 2021}) 16... Nb6 17. b4 Nc8 18. Ne5 Nd6 19. a4 Rac8 {[%emt 0:05:44] The position is equal.} 20. b5 axb5 21. axb5 c5 22. dxc5 Rxc5 {[%emt 0:00:08][%cal Oe6h3] White must now prevent ...Bxh3!} 23. Nf3 $1 Rec8 24. Qb2 Nfe4 25. Ne2 Nc4 26. Qb1 Bd7 27. Ned4 b6 28. Qb4 Qf6 {[%emt 0:03:14] White should prevent ...Ne5.} 29. Ra1 h5 30. Ra7 Be8 31. Rd1 g5 {[%emt 0:03:54] aiming for ...g4.} (31... Ned6 {is interesting.} 32. Rda1 Qd8 33. Qb1 Nxb5 34. R7a6 Nxd4 35. Nxd4 Qg5) 32. Bxe4 dxe4 33. Nd2 Nxd2 (33... Nd6 {keeps more tension.} 34. Qb1 Qe5 35. N2b3 Rc4) 34. Qxd2 Bxb5 35. Nxb5 Rxb5 36. Qd7 Rbc5 37. Qe7 Qxe7 38. Rxe7 Rc1 39. Rxc1 Rxc1+ $11 {[%emt 0:00:05][%mdl 4096] Endgame KR-KR} 40. Kh2 Rf1 41. Rxe4 Rxf2 42. Re5 {[%emt 0:00:00] Inhibits Rf5.} f6 43. Rb5 Re2 44. Rxb6 Kf7 45. Rb3 h4 46. Kg1 Ke6 47. Kf1 Ra2 48. Rb5 {[%emt 0:00:00] An even fight not without its subleties.  Weighted Error Value: White=0.03 (flawless) /Black=0.02 (flawless)} 1/2-1/2

[Event "3rd VIZAG GM-Open 2022"]
[Site "Visakapatnam"]
[Date "2022.06.13"]
[Round "4.8"]
[White "Fedorov, Alexei"]
[Black "Abdyjapar, Asyl"]
[Result "0-1"]
[ECO "B12"]
[WhiteElo "2529"]
[BlackElo "2346"]
[Annotator "TA"]
[PlyCount "108"]
[EventDate "2022.06.13"]
[EventType "swiss"]
[EventCountry "IND"]
[SourceTitle "playchess.com"]
[Source "ChessBase"]
[SourceQuality "1"]
[TimeControl "5400+30"]

1. e4 c6 2. d4 d5 3. e5 Bf5 4. Nd2 e6 5. Nb3 Nd7 6. Nf3 Ne7 {[%emt 0:00:08][%cal Bg8e7,Be7c8,Bc8a7,Ba7b5,Bb5c7,Bc7d5][%mdl 32] B12: Caro-Kann: Advance Variation.} 7. Be2 Nc8 8. O-O Be7 {[%emt 0:00:03] White has an edge.} 9. a4 O-O 10. a5 a6 11. c4 dxc4 12. Bxc4 Na7 13. Qe2 Nb5 14. Rd1 Nc7 {[%emt 0:02:32] [#]} 15. Bd3 $146 ({Predecessor:} 15. Nfd2 b5 16. axb6 Nxb6 17. Bxa6 Nxa6 18. Rxa6 Qc7 19. Nc5 Rxa6 20. Nxa6 Qa7 21. Nc5 {0-1 (32) Petkidis,A (2375)-Artemiev,V (2709) Skopje 2018}) 15... Bxd3 16. Rxd3 Nd5 17. Qe4 Re8 18. Qg4 f5 19. exf6 Bxf6 20. Bd2 e5 21. dxe5 Bxe5 22. Bc3 Bf6 23. g3 Qe7 24. Rad1 Rad8 25. Qc4 Qf7 26. Nbd2 (26. Bxf6 $11 {remains equal.} Qxf6 27. Nbd2) 26... Nxc3 $17 27. bxc3 Qxc4 28. Nxc4 Nc5 29. Rxd8 Rxd8 30. Rxd8+ Bxd8 {[%emt 0:00:04][%mdl 4096] Endgame KBN-KNN} 31. Nd4 {[%emt 0:02:05] Inhibits Nb3.} Ne4 32. Nf5 g6 (32... Nxc3 $6 33. Nfd6 $11) 33. f3 Nc5 ({Don't play} 33... Nxc3 34. Nfd6 $11) 34. Nd4 Na4 35. Ne2 Bf6 36. Nd6 Nxc3 ({Black should try} 36... Kf8 $17 {Strongly threatening ...Ke7.} 37. Nxb7 Ke7) 37. Kf1 Na4 38. Nxb7 Kf7 39. Nd6+ Ke6 40. Ne4 Bd8 41. h4 (41. Nf4+ $15 Ke7 42. Nd3) 41... Ke5 ({Worse is} 41... Bxa5 42. Ng5+ Ke7 43. Nxh7 $11) 42. Nf4 (42. Kf2 $17 {might work better.}) 42... Bxa5 $19 43. Ng5 Bd2 44. Nfh3 $2 (44. Nxh7 Bxf4 45. gxf4+ Kf5 46. Ng5) 44... Nc3 {[%emt 0:02:47] Black is clearly winning.} 45. f4+ Kd5 46. g4 (46. Nf3 $142 Be3 47. Nhg5) 46... a5 {[%emt 0:00:29][%cal Ba6a5,Ba5a4,Ba4a3,Ba3a2][%mdl 32] [#] Threatens to win with ...a4.} 47. f5 gxf5 48. gxf5 a4 49. f6 Kd6 {[%emt 0:00:14] White must now prevent ...a3.} 50. Nf3 Be3 {[%emt 0:00:40] aiming for ...a3.} 51. Ne1 a3 52. Nc2 {[%emt 0:00:03] [#]} a2 $1 53. Ng5 (53. Nf2 Bd4) 53... Bxg5 54. hxg5 Ne4 {[%emt 0:00:07] Weighted Error Value: White=0.50/Black=0.06 (flawless)} 0-1

[Event "3rd VIZAG GM-Open 2022"]
[Site "Visakapatnam"]
[Date "2022.06.13"]
[Round "4.9"]
[White "Nikitenko, Mihail"]
[Black "Barath Kalyan M"]
[Result "1-0"]
[ECO "A36"]
[WhiteElo "2479"]
[BlackElo "2232"]
[Annotator "TA"]
[PlyCount "137"]
[EventDate "2022.06.13"]
[EventType "swiss"]
[EventCountry "IND"]
[SourceTitle "playchess.com"]
[Source "ChessBase"]
[SourceQuality "1"]
[TimeControl "5400+30"]

1. c4 {[%emt 0:00:06] ChessBase II} Nf6 2. g3 g6 3. Bg2 Bg7 4. e4 d6 5. Ne2 O-O 6. O-O c5 7. Nbc3 Nc6 8. d3 Ne8 9. Be3 Nc7 10. d4 cxd4 11. Nxd4 Ne6 12. Nde2 {[%emt 0:02:10] A36: Symmetrical English vs ...g6: 4 Bg2 Bg7.} Nc5 13. h3 Be6 14. b3 {[%emt 0:00:28] [#] White is slightly better.} Qa5 $146 ({Predecessor:} 14... a5 15. f4 a4 16. f5 Bd7 17. f6 Bh8 18. fxe7 Qxe7 19. Nd5 Qd8 20. b4 Ne6 {½-½ (38) Nisipeanu,L (2673)-Maze,S (2559) Aix les Bains 2011 CBM 142 Extra [ChessBase II]}) 15. Bd2 Qd8 16. Rb1 f5 17. Nf4 Bd7 18. b4 Nxe4 19. Nxe4 fxe4 20. Bxe4 Qc8 21. Be3 Bxh3 22. Nxh3 Qxh3 23. b5 Nd8 24. Qd5+ {[%emt 0:03:01][%mdl 1024] White has strong compensation.} Kh8 25. c5 Be5 (25... dxc5 $16 {was worth a try.} 26. Bxc5 (26. Qxc5 Ne6 $11) 26... Ne6) 26. Bg2 $18 {[%emt 0:00:23] Active counter play!} Qg4 27. c6 ({White should try} 27. cxd6 exd6 28. Rbc1) 27... bxc6 $16 28. bxc6 $40 {[%emt 0:00:06][%mdl 128] White attacks with force.} Rc8 (28... e6 $142 29. Qa5 d5) 29. Rfc1 e6 30. Qd3 d5 {[%emt 0:00:58] [#]} 31. f4 $2 (31. c7 $1 $16 Bxc7 32. Qa6) 31... Nxc6 (31... Qxg3 $17 {and life is bright.} 32. Rd1 Bg7) 32. fxe5 (32. Bc5 $142 Bxf4 33. Bxf8 (33. gxf4 Rxf4 34. Qa6 e5 $16) 33... Bxc1 34. Rxc1 Rxf8 35. Rxc6) 32... Qxg3 33. Qe2 {[%emt 0:00:34] Prevents Rf2.} Qxe5 (33... Nxe5 $2 34. Rxc8 Nf3+ 35. Qxf3 $18) 34. Qb2 {[%emt 0:00:09] Hoping for Qxe5+. The board is on fire.} d4 $2 (34... Kg8 $16 35. Qxe5 Nxe5) 35. Bf2 {[%emt 0:00:04] A strong pair of Bishops.} Qg5 36. Kf1 $4 ({Less strong is} 36. Bxd4+ Nxd4 37. Qxd4+ e5 38. Rxc8 Rxc8 $14) (36. Qb3 $18) 36... Rb8 $19 37. Qe2 Rxb1 $2 ({But not} 37... Ne5 $2 38. Kg1 d3 39. Be3 Rxb1 40. Rxb1 $19) (37... d3 $19 {has better winning chances.} 38. Qxd3 Ne5) 38. Rxb1 $17 Ne5 39. Bh3 {[%emt 0:03:02][%mdl 8192] Against Ng4} (39. Kg1 $1 $15 Nf3+ 40. Kf1) 39... Qf4 $2 (39... d3 $19 40. Qe4 d2) 40. Kg2 $1 $11 {[%emt 0:00:53] aiming for Bg3.} Nf3 {[%emt 0:00:40] ( -> ...Qh2+)} 41. Bg3 {[%emt 0:02:30] Against Qh2+} Nh4+ $1 42. Bxh4 Qxh4 43. Qe5+ Qf6 44. Qxf6+ Rxf6 $14 {[%emt 0:00:01][%mdl 4096] Endgame KRB-KR} 45. Rb8+ Kg7 46. Ra8 e5 47. Rxa7+ Rf7 48. Ra5 Re7 49. a4 {[%emt 0:00:30] And now Rd5 would win.} Kf6 $1 50. Rd5 {[%emt 0:01:21] Threatens to win with Bd7.} Rc7 51. a5 Rc2+ 52. Kg1 Ra2 53. Bf1 Kf5 54. a6 Kf4 55. Rd7 {[%emt 0:00:00] Strongly threatening Bc4.} h5 $2 {[%emt 0:00:50] [#]} (55... Ke3 $11) 56. a7 (56. Bb5 $1 $18) 56... g5 $2 (56... Kg3 $14) 57. Bc4 $18 Ra1+ 58. Kf2 (58. Kg2 $142 {Black must now prevent Bd5.} Ke3 59. Bd5) 58... e4 59. Bd5 {[%emt 0:00:00] White mates.} e3+ 60. Ke2 d3+ 61. Kxd3 Rd1+ 62. Ke2 Rd2+ 63. Ke1 g4 64. a8=Q Kg3 65. Qa3 Kh2 66. Qxe3 Rb2 67. Qe5+ g3 68. Qxh5+ Kg1 69. Qh1# {[%emt 0:00:00] Weighted Error Value: White=0.67/Black=0.64} 1-0

[Event "3rd VIZAG GM-Open 2022"]
[Site "Visakapatnam"]
[Date "2022.06.13"]
[Round "4.10"]
[White "Subhayan Kundu"]
[Black "Mirzoev, Azer"]
[Result "0-1"]
[ECO "C75"]
[WhiteElo "2323"]
[BlackElo "2476"]
[Annotator "TA"]
[PlyCount "78"]
[EventDate "2022.06.13"]
[EventType "swiss"]
[EventCountry "IND"]
[SourceTitle "playchess.com"]
[Source "ChessBase"]
[SourceQuality "1"]
[TimeControl "5400+30"]

1. e4 e5 2. Nf3 Nc6 3. Bb5 a6 4. Ba4 Nge7 5. c3 d6 6. d4 Bd7 7. d5 Nb8 8. c4 {[%emt 0:00:06] C75: Ruy Lopez: Deferred Steinitz: 5 c3 Bd7 6 d4 without ...g6.} g6 9. Nc3 Bg7 10. Be3 {[%emt 0:02:33] White is slightly better.} O-O 11. Bxd7 Nxd7 12. Qc2 h6 13. Nd2 f5 {[%emt 0:00:27] aiming for ...f4.} 14. f3 $1 c5 15. dxc6 {[%emt 0:01:47] [#]} bxc6 $146 ({Predecessor:} 15... Nxc6 16. Nb3 Nd4 17. Qd1 fxe4 18. Nxe4 Nc5 19. O-O Nxe4 20. Bxd4 exd4 21. fxe4 Rxf1+ 22. Qxf1 {½-½ (67) Molnar,B (2373)-Zsinka,L (2342) Hungary 2001}) 16. O-O-O Nf6 17. Nb3 Qc7 18. Kb1 Kh7 19. Rd2 (19. exf5 $14 Nxf5 20. Bf2) 19... fxe4 20. fxe4 Ng4 21. Qd3 a5 22. h3 Nxe3 23. Qxe3 a4 24. Nc1 Nc8 25. c5 {[%emt 0:05:22] Inhibits Nb6.} Ra5 26. cxd6 Nxd6 27. Qd3 {[%emt 0:00:05] Inhibits Nc4.} Rd8 28. Rhd1 Nb7 29. Qc2 Rd4 30. Rxd4 exd4 31. Nxa4 (31. Nd5 {feels hotter.} Qd6 32. Nb6 Qb4 33. Qxc6 Ra6 34. Nd5) 31... c5 32. Ne2 Qe5 {[%emt 0:11:50][%cal Od4d3] ...d3! is the strong threat.} 33. Nc1 Qe6 {[%emt 0:01:13] Prevents Nb6.} (33... c4 $1 $17 {Threatens to win with ...Qb5.} 34. Qxc4 Qxe4+ 35. Nd3 Qxg2) 34. b3 $2 {[%emt 0:01:16][%mdl 8192] [#] White does not recover from this.} ({Only move:} 34. e5 $1 $15) 34... Rxa4 $1 $19 {[%emt 0:01:51][%mdl 576] Deflection} 35. bxa4 {[%emt 0:00:02] Strongly threatening Nb3.} c4 {[%emt 0:00:13] Inhibits Nb3.} 36. Nd3 {[%emt 0:02:21] Against Nc5} (36. Nb3 $142 d3 37. Rxd3 cxd3 38. Qxd3) 36... cxd3 {[%emt 0:00:23] Black is clearly winning.} 37. Rxd3 Qxe4 {[%emt 0:03:03][%cal Ob7c5] And now ...Nc5! would win.} 38. Rb3 (38. Rd2 $142 d3 39. Qxd3 Qb4+ 40. Kc2) 38... Qe1+ 39. Qc1 Qe7 {[%emt 0:00:18] Weighted Error Value: White=0.32/Black=0.06 (flawless)} 0-1

[Event "3rd VIZAG GM-Open 2022"]
[Site "Visakapatnam"]
[Date "2022.06.13"]
[Round "4.11"]
[White "Audi Ameya"]
[Black "Ziatdinov, Raset"]
[Result "1-0"]
[ECO "C54"]
[WhiteElo "2389"]
[BlackElo "2224"]
[Annotator "TA"]
[PlyCount "79"]
[EventDate "2022.06.13"]
[EventType "swiss"]
[EventCountry "IND"]
[SourceTitle "playchess.com"]
[Source "ChessBase"]
[SourceQuality "1"]
[TimeControl "5400+30"]

1. e4 e5 2. Nf3 Nc6 3. Bc4 Bc5 4. c3 Nf6 5. d3 d6 6. O-O Bb6 7. a4 a5 {[%emt 0:00:10] C54: Giuoco Piano: 4 c3 Nf6, main lines with 5 d4 and 5 d3.} 8. Nbd2 O-O 9. h3 Ne7 {[%emt 0:02:13] The position is equal.} 10. Re1 Ng6 11. Bb3 c6 12. d4 Bc7 {[%emt 0:03:17] [#]} 13. Nf1 $146 ({Predecessor:} 13. Bc2 Re8 14. Nf1 d5 15. Ng3 exd4 16. Qxd4 Bxg3 17. fxg3 Nxe4 18. Bxe4 dxe4 19. Rxe4 Qxd4+ 20. Rxd4 {½-½ (77) Landa,K (2626)-Nyback,T (2608) Germany 2016}) 13... exd4 14. Nxd4 Re8 15. Ng3 d5 16. exd5 (16. Bg5 {with more complications.} Bxg3 17. fxg3 dxe4 18. g4) 16... Rxe1+ (16... Nxd5 {keeps more tension.} 17. Rxe8+ Qxe8 18. Bd2 Bd7) 17. Qxe1 {[%emt 0:00:02] With the idea Bg5.} Bxg3 18. fxg3 Nxd5 19. Qe4 Nf6 20. Qf3 c5 21. Nb5 Qb6 22. Be3 {[%emt 0:07:09] Hoping for Rd1.} Bd7 $1 23. Qf2 $36 {[%emt 0:01:42][%mdl 2048] White has the initiative.} Rc8 ({But not} 23... Bxb5 24. Bxc5 (24. axb5 Qxb5 25. Ba4 Qc4 $11) 24... Qc6 25. axb5 Qxb5 26. Ba4 $16) 24. Bc4 Ne5 25. Bf1 Qe6 26. Re1 ({White should play} 26. Bf4 $14 Ne4 27. Qc2 Bxb5 28. Qxe4 (28. Bxb5 Nd6 $11) (28. axb5 f5 $11) 28... Bxf1 29. Rxf1) 26... Ne4 $11 {[%emt 0:01:17] Pair of Knights!} 27. Qf4 f5 (27... Bc6 $11 {feels stronger.} 28. g4 g5) 28. g4 $1 $14 g6 (28... Qf6 $1 $14) 29. gxf5 (29. Bf2 $16) 29... gxf5 30. Bc1 Ng6 31. Qh6 Kh8 (31... Qe5 $14) 32. c4 $16 Bxb5 33. axb5 Qe5 {[%emt 0:01:24] [#]} (33... Qd7 $142) 34. Rd1 $1 Rg8 (34... Qg3 $2 35. Rd7 Nf8 36. Rxb7 Qf2+ 37. Kh2 Qg3+ 38. Kg1 Qf2+ 39. Kh2 Qg3+ 40. Kh1 $18) 35. Rd7 Nf6 (35... Rg7 36. Rd5 Qe6) 36. Rxb7 $18 {[%emt 0:00:51] Strongly threatening Bg5.} f4 37. Rf7 Qd4+ {[%emt 0:01:15] [#]} 38. Kh2 $1 {[%emt 0:00:04] Black must now prevent b6.} f3 (38... a4 $18 39. b6 Qe5 40. Bxf4 Nxf4 41. Qxf6+ Qxf6 42. Rxf6 Rb8 43. Rxf4 Rxb6) 39. Bg5 Qe5+ 40. g3 {[%emt 0:00:03] Weighted Error Value: White=0.08 (flawless) /Black=0.42} 1-0

[Event "3rd VIZAG GM-Open 2022"]
[Site "Visakapatnam"]
[Date "2022.06.13"]
[Round "4.12"]
[White "Neelotpal, Das"]
[Black "Allahverdiyeva, Ayan"]
[Result "1-0"]
[ECO "B90"]
[WhiteElo "2431"]
[BlackElo "2120"]
[Annotator "TA"]
[PlyCount "79"]
[EventDate "2022.06.13"]
[EventType "swiss"]
[EventCountry "IND"]
[SourceTitle "playchess.com"]
[Source "ChessBase"]
[SourceQuality "1"]
[TimeControl "5400+30"]

1. e4 c5 2. Nf3 d6 3. d4 cxd4 4. Nxd4 Nf6 5. Nc3 a6 6. Qd3 {[%emt 0:00:20] B90: Sicilian Najdorf: Unusual White 6th moves, 6 Be3 Ng4 and 6 Be3 e5.} e6 7. a4 $1 {[%emt 0:00:17][%mdl 4] is more profitable than 7.Be2 at the moment.} Nc6 8. Be2 {[%emt 0:02:05] The position is equal.} Be7 9. Nxc6 bxc6 10. Qg3 {[%emt 0:00:05] [#]} e5 $146 ({Predecessor:} 10... O-O 11. O-O d5 12. Bh6 Ne8 13. Bf4 Bh4 14. Qf3 Bf6 15. Rfd1 Qa5 16. Qg3 Bb7 {1-0 (51) Gadimbayli,A (2404)-Sokolovsky,Y (2278) Skopje 2019}) 11. O-O (11. Qxg7 Rg8 12. Qh6 Rxg2 $15) 11... O-O 12. f4 Qc7 13. Kh1 Kh8 14. Bd2 Rb8 15. b3 a5 16. Rad1 Rb4 17. Bf3 Ba6 18. Rfe1 Rg8 ({Better is} 18... Rbb8 $14) 19. Qf2 (19. fxe5 $16 dxe5 20. Na2) 19... Bc8 20. Nb1 Rb8 21. fxe5 dxe5 22. Bc3 Bb4 23. Bxb4 Rxb4 24. Qc5 Re8 (24... Be6 $1 $11 {keeps the balance.}) 25. Na3 $16 {[%emt 0:04:23][%cal Oa3b5] Black is now going downhill.} Ba6 {[%emt 0:17:51] Inhibits Nb5.} 26. Rd6 Rc8 27. Red1 (27. Qxe5 $2 Ne8 28. Red1 Rd8 29. Qxa5 (29. c3 $2 Rbb8 $19) 29... Qxa5 $19) 27... h6 ({Less strong is} 27... Nxe4 28. Bxe4 Rxe4 29. Qxc6 $3 Qxc6 30. Rxc6 Re1+ 31. Rxe1 $18) 28. h3 Nxe4 (28... Kh7 $14) 29. Bxe4 $18 Rxe4 30. Rd7 {[%emt 0:00:15][%mdl 64] Prevents Rd4. Deflection. White is more active.} Qb8 31. Qxa5 ({Resist} 31. Rxf7 Rf4 32. Re7 (32. Rxf4 exf4 33. Nc4 Bxc4 $14) 32... Rcf8 $16) 31... Be2 {[%emt 0:06:02] [#]} 32. Re1 $36 {[%emt 0:01:13][%mdl 2048] And now Qd2 would win. Keeping Black busy.} Rf4 $2 (32... f5 33. Qd2 Ba6) 33. Rxe2 {[%emt 0:04:27] White is clearly winning.} Rf1+ 34. Kh2 e4+ 35. g3 f5 36. Nc4 f4 37. Qe5 Qxe5 38. Nxe5 f3 39. Rxe4 f2 40. Rf4 {[%emt 0:02:09] Weighted Error Value: White=0.09 (flawless) /Black=0.35} 1-0

[Event "3rd VIZAG GM-Open 2022"]
[Site "Visakapatnam"]
[Date "2022.06.13"]
[Round "4.13"]
[White "Liyanage, Pesandu Rashmitha"]
[Black "Savchenko, Boris"]
[Result "0-1"]
[ECO "D00"]
[WhiteElo "1730"]
[BlackElo "2524"]
[Annotator "RC"]
[PlyCount "72"]
[EventDate "2022.06.13"]
[EventType "swiss"]
[EventCountry "IND"]
[SourceTitle "playchess.com"]
[Source "ChessBase"]
[SourceQuality "1"]
[TimeControl "5400+30"]

1. d4 Nf6 2. Bf4 e6 3. e3 c5 4. c3 d5 5. Nd2 Bd6 6. Bg3 O-O 7. Ngf3 Qc7 8. dxc5 Qxc5 9. Bd3 Rd8 10. Qe2 Nc6 11. e4 Bxg3 12. hxg3 e5 13. exd5 Qxd5 14. Bc4 Qd7 15. Ng5 Rf8 16. Nde4 Nxe4 17. Qxe4 Qf5 18. Qe3 h6 19. Bd3 Qg4 20. Qe4 Rd8 21. Qh7+ Kf8 22. Nf3 Qe6 23. Rh4 f5 24. Qh8+ Qg8 25. Qxg8+ Kxg8 26. Bb5 e4 27. Bxc6 bxc6 28. Ne5 c5 29. f4 a5 30. Rd1 Be6 31. c4 a4 32. Rh1 Rd4 33. Ke2 Bxc4+ 34. Nxc4 Rxc4 35. Rc1 Rb4 36. Rc2 Rab8 0-1